Map: Triton LE

Players

pinoygator

  • Race: Terran Terran
  • League: Gold
  • Spawn Location: 5:00

Zastra - Winner!

  • Race: Zerg Zerg
  • League: Bronze
  • Spawn Location: 11:00

VOD

Have the link to the VOD?

Description

Time

  • Played on: Aug. 26, 2019, 6:17 p.m.
  • Length: 29:46
Show
View Real Time Build Order
Export as new Build Order

pinoygator Terran 

Build Orders:  

Get SALT Encoding   

  12  0:02  SCV  
  13  0:14  SCV  
  14  0:18  Supply Depot  
  14  0:26  SCV  
  15  0:40  SCV  
  16  0:42  Barracks  
  16  0:53  Barracks  
  16  0:54  SCV  
  17  1:06  SCV  
  17  1:10  Refinery  
  18  1:18  SCV  
  18  1:21  Supply Depot  
  19  1:30  Marine, SCV  
  21  1:42  Marine  
  21  1:46  Orbital Command  
  22  1:48  Marine  
  23  1:59  Marine  
  24  2:03  Refinery  
  24  2:06  Marine  
  25  2:14  SCV  
  26  2:17  Marine  
  26  2:21  Supply Depot  
  27  2:24  Marine  
  27  2:26  SCV  
  29  2:35  Marine  
  30  2:38  SCV  
  30  2:42  Marine  
  32  2:45  Engineering Bay  
  32  2:50  SCV  
  33  2:55  Factory  
  33  2:58  Supply Depot  
  33  3:00  Marine  
  33  3:03  SCV  
  33  3:04  Barracks Reactor  
  35  3:14  Missile Turret  
  35  3:15  SCV  
  35  3:18  Marine  
  36  3:32  Supply Depot  
  36  3:43  Command Center  
  36  3:46  Factory Tech Lab  
  36  3:55  Terran Infantry Weapons Level 1  
  36  3:57  Bunker  
  36  4:07  Starport  
  36  4:08  SCV  
  36  4:09  Starport  
  37  4:13  Siege Tank  
  40  4:29  Bunker  
  40  4:33  Refinery  
  40  4:41  Marine x2  
  42  4:54  Fusion Core  
  42  4:56  Starport Tech Lab  
  42  4:58  Refinery  
  42  4:59  Marine x2, Starport Tech Lab  
  44  5:04  Missile Turret  
  44  5:28  Orbital Command  
  44  5:30  Missile Turret  
  44  5:44  Battlecruiser  
  50  5:51  Weapon Refit  
  50  5:58  SCV  
  51  6:06  Siege Tank  
  51  6:10  SCV  
  55  6:22  SCV  
  56  6:27  Missile Turret  
  56  6:28  SCV  
  57  6:34  SCV  
  57  6:35  Battlecruiser  
  64  6:40  SCV  
  64  6:44  Terran Infantry Armor Level 1  
  64  6:46  SCV  
  66  6:58  SCV  
  66  7:10  Armory  
  66  7:11  SCV  
  67  7:16  Armory  
  67  7:17  SCV  
  67  7:19  Armory  
  68  7:23  SCV  
  68  7:25  Supply Depot  
  69  7:35  SCV  
  70  7:38  Bunker  
  70  7:47  SCV x2  
  70  7:48  Supply Depot  
  72  7:59  Terran Ship Weapons Level 1, SCV  
  72  8:01  Starport  
  72  8:05  Terran Vehicle And Ship Armor Level 1  
  73  8:11  SCV  
  74  8:17  Battlecruiser  
  80  8:20  Terran Vehicle Weapons Level 1  
  80  8:28  SCV  
  80  8:32  Marine x2  
  83  8:36  Siege Tank  
  86  8:48  SCV  
  87  8:50  Marine x2, Supply Depot  
  89  8:56  Supply Depot  
  89  9:03  Command Center  
  89  9:08  Marine x2  
  90  9:14  Supply Depot  
  90  9:15  Command Center  
  90  9:26  Marine x2, Starport Tech Lab  
  90  9:28  Battlecruiser  
  98  9:33  Battlecruiser  
  98  9:38  Supply Depot  
  104  9:41  Supply Depot  
  101  9:53  Command Center  
  101  10:04  Terran Ship Weapons Level 2  
  101  10:05  Terran Vehicle And Ship Armor Level 2  
  101  10:29  Battlecruiser  
  107  10:40  Supply Depot  
  107  10:46  Terran Infantry Weapons Level 2  
  107  11:03  Supply Depot  
  107  11:07  Refinery  
  97  11:24  Marine x2  
  99  11:27  Battlecruiser  
  105  11:42  Marine x2  
  101  12:00  Marine x2  
  103  12:18  Marine  
  103  12:19  Battlecruiser  
  103  12:21  Battlecruiser  
  103  12:22  Marine  
  117  12:35  Marine  
  94  12:40  Marine  
  94  12:43  Battlecruiser  
  95  12:48  Marine  
  96  12:53  Marine  
  96  12:58  Marine  
  98  13:01  Command Center  
  98  13:05  Marine  
  98  13:11  Marine  
  100  13:15  Marine  
  91  13:23  Marine  
  91  13:26  Battlecruiser  
  98  13:29  Marine  
  98  13:33  Marine  
  100  13:41  Marine  
  100  13:47  Marine  
  102  13:51  Marine  
  103  13:59  Marine  
  92  14:04  Marine  
  92  14:08  Battlecruiser  
  92  14:09  Marine  
  94  14:10  Battlecruiser  
  100  14:34  Planetary Fortress  
  100  14:46  Battlecruiser  
  106  15:09  Bunker  
  106  15:12  Refinery  
  106  15:14  SCV  
  107  15:21  Battlecruiser  
  107  15:23  Marine x2  
  107  15:26  SCV  
  116  15:41  Marine x2  
  97  15:59  Marine x2  
  99  16:09  Siege Tank  
  102  16:16  Marine  
  102  16:17  Command Center  
  103  17:17  Terran Ship Weapons Level 3  
  103  17:18  Terran Vehicle And Ship Armor Level 3  
  103  17:20  Battlecruiser  
  109  17:40  Planetary Fortress  
  109  17:48  Refinery  
  109  18:22  Bunker  
  109  18:25  Bunker  
  109  18:32  Siege Tank  
  112  18:37  SCV  
  113  18:49  SCV  
  114  19:02  SCV  
  115  19:12  Bunker  
  115  19:14  SCV  
  116  19:18  Marine x2  
  116  19:22  Marine  
  119  19:25  Battlecruiser  
  119  19:26  SCV  
  119  19:27  Battlecruiser  
  132  19:36  Marine x2  
  134  19:39  Marine  
  135  19:54  Marine x2  
  135  19:57  Marine  
  121  20:12  Marine x2  
  109  20:15  Marine  
  108  20:29  Marine  
  108  20:30  Marine  
  108  20:33  Marine  
  85  21:36  Battlecruiser  
  91  21:41  Orbital Command  
  91  22:28  Refinery  
  91  22:32  Refinery  
  91  22:35  Bunker  
  91  22:51  Command Center  
  91  22:59  SCV  
  92  23:11  SCV  
  93  23:16  Terran Vehicle Weapons Level 2  
  93  23:24  SCV  
  94  23:36  SCV  
  94  23:37  Bunker  
  94  23:39  Marine x2  
  97  23:41  Marine  
  97  23:45  Terran Infantry Armor Level 2  
  97  23:48  SCV  
  99  23:57  Marine x2  
  99  23:59  Marine  
  102  24:14  Marine x2  
  104  24:17  Marine  
  105  24:25  Siege Tank  
  108  24:32  Marine x2  
  108  24:35  Marine  
  111  24:50  Marine x2  
  113  24:53  Marine  
  114  25:08  Marine x2  
  98  25:26  Marine x2  
  93  25:31  Missile Turret  
  93  25:33  Planetary Fortress  
  93  25:48  Battlecruiser  
  99  25:53  Missile Turret  
  99  25:59  Missile Turret  
  99  26:14  Command Center  
  99  26:20  Missile Turret  
  81  26:35  Marine x2  
  81  26:38  Marine  
  78  26:43  SCV  
  79  26:53  Marine x2, Missile Turret  
  80  26:55  SCV  
  80  26:56  Marine  
  82  27:07  SCV  
  71  27:11  Marine x2  
  71  27:14  Marine, Missile Turret  
  58  27:19  SCV  
  58  27:20  Refinery  
  55  27:23  Refinery  
  55  27:29  Marine x2  
  57  27:31  SCV  
  57  27:32  Marine  
  59  27:43  SCV  
  60  27:50  Marine, Battlecruiser  
  67  27:55  SCV  
  68  28:07  SCV  
  69  28:19  SCV  
  70  28:20  Battlecruiser  
  76  28:56  Command Center  
Show
View Real Time Build Order
Export as new Build Order

Zastra Zerg - Winner!

Build Orders: Pool First 

Get SALT Encoding   

  12  0:01  Drone  
  13  0:23  Spawning Pool  
  13  0:28  Drone  
  13  0:35  Overlord  
  13  0:43  Drone  
  14  0:54  Drone x2  
  16  1:00  Extractor  
  16  1:01  Drone  
  16  1:10  Queen  
  18  1:14  Overlord  
  18  1:25  Drone  
  19  1:33  Zergling x2  
  20  1:48  Zergling x2  
  20  1:50  Hatchery  
  20  1:58  Zergling x2  
  21  2:06  Queen  
  23  2:09  Drone  
  24  2:27  Drone x3  
  24  2:28  Drone  
  27  2:44  Roach Warren  
  26  2:51  Metabolic Boost  
  26  2:59  Drone x4  
  26  3:04  Overlord  
  30  3:05  Overlord  
  30  3:16  Queen  
  32  3:25  Roach x2  
  32  3:26  Roach x2  
  40  3:33  Drone x2  
  42  3:49  Extractor  
  42  3:50  Drone x3  
  42  3:52  Overlord x2  
  44  4:04  Pneumatized Carapace  
  44  4:11  Zergling x10  
  44  4:12  Zergling x4  
  51  4:26  Drone, Evolution Chamber  
  51  4:27  Drone x2  
  55  4:31  Roach x2  
  57  4:48  Drone  
  57  4:49  Drone x6  
  64  4:57  Overlord  
  64  5:12  Zergling x6  
  65  5:32  Zerg Ground Armor Level 1  
  65  5:37  Hatchery  
  65  5:42  Lair  
  64  5:54  Baneling Nest  
  64  5:55  Extractor  
  63  5:57  Drone x4  
  63  5:58  Drone x2  
  63  6:00  Extractor  
  67  6:16  Drone x3  
  67  6:17  Evolution Chamber  
  69  6:19  Drone x3  
  72  6:27  Overlord x2  
  72  6:41  Baneling  
  72  6:42  Baneling x14  
  72  6:52  Queen  
  74  6:54  Drone x3  
  74  6:55  Drone x6  
  74  7:00  Zerg Missile Weapons Level 1  
  83  7:01  Glial Reconstitution  
  83  7:04  Centrifical Hooks  
  69  7:36  Extractor  
  68  7:37  Extractor, Drone x3  
  68  7:39  Drone x3  
  73  7:53  Infestation Pit, Zergling x8  
  73  7:54  Zergling x10  
  73  7:55  Hydralisk Den  
  73  7:57  Overseer  
  80  8:02  Zerg Ground Armor Level 2  
  80  8:12  Burrow  
  80  8:20  Drone x8  
  88  8:27  Grooved Spines  
  88  8:29  Hive  
  88  8:30  Pathogen Glands  
  88  8:32  Hatchery  
  87  8:34  Zergling x2  
  87  8:35  Zergling x12  
  94  8:48  Overseer  
  94  9:09  Hatchery  
  93  9:39  Muscular Augments  
  92  9:49  Hydralisk  
  92  9:50  Hydralisk x4  
  102  9:53  Overlord x4  
  102  9:54  Overlord  
  102  10:03  Overseer  
  102  10:08  Zerg Missile Weapons Level 2  
  102  10:11  Queen  
  104  10:19  Infestor  
  104  10:20  Infestor x7  
  120  10:35  Queen  
  120  10:36  Overlord x4  
  120  10:37  Overlord x7  
  122  10:52  Drone x5  
  122  10:53  Drone x9  
  134  11:15  Extractor  
  133  11:19  Extractor  
  132  11:28  Drone x3  
  132  11:30  Drone x4  
  139  11:36  Hydralisk x9  
  139  11:37  Hydralisk x8  
  157  12:13  Spawning Pool  
  135  12:42  Zerg Melee Weapons Level 1  
  133  12:56  Overlord  
  133  13:08  Zergling x30  
  147  13:21  Hatchery  
  146  13:27  Spore Crawler  
  146  13:29  Spore Crawler  
  146  13:31  Spore Crawler  
  141  14:19  Hatchery  
  141  14:23  Queen  
  142  14:25  Hatchery  
  142  14:28  Zergling x2  
  142  14:29  Zergling x24  
  154  14:38  Lair  
  154  14:51  Hatchery  
  153  14:56  Zergling x16  
  153  14:58  Queen  
  163  15:05  Spore Crawler  
  162  15:07  Spore Crawler  
  162  15:09  Spore Crawler  
  160  15:15  Spore Crawler x2  
  158  15:34  Queen  
  160  15:40  Zergling x2  
  160  15:41  Zergling x16  
  145  16:02  Zergling x10  
  150  16:10  Roach Warren, Queen  
  153  16:18  Lair  
  130  16:53  Hydralisk Den  
  129  16:56  Zerg Melee Weapons Level 2  
  129  16:57  Infestation Pit  
  128  17:41  Queen  
  128  17:43  Hydralisk x3, Hatchery  
  131  17:46  Queen  
  131  17:49  Neural Parasite  
  137  17:56  Lair  
  137  17:57  Tunneling Claws  
  137  18:03  Hatchery  
  137  18:04  Roach  
  138  18:05  Hatchery  
  137  18:29  Drone x3  
  140  18:44  Extractor  
  139  18:56  Roach  
  139  18:57  Roach x18  
  177  19:12  Spire  
  176  19:18  Lair  
  176  19:31  Hydralisk x12  
  200  19:52  Extractor x2  
  176  20:04  Hydralisk x11  
  176  20:05  Hydralisk x4  
  176  20:06  Hydralisk x11  
  188  20:09  Roach x8  
  173  20:15  Queen  
  173  20:17  Zergling x2  
  173  20:18  Zergling x2  
  140  20:37  Corruptor  
  140  20:38  Corruptor x6  
  136  20:47  Drone  
  136  20:48  Drone x2  
  115  21:08  Corruptor x9  
  115  21:09  Corruptor x7  
  141  21:33  Zerg Flyer Weapons Level 1  
  141  21:46  Hydralisk  
  143  22:05  Hatchery  
  142  22:28  Hydralisk x7  
  156  22:30  Zergling x2  
  157  23:02  Extractor  
  157  23:03  Extractor  
  155  23:19  Hydralisk x6  
  163  23:21  Hatchery  
  166  23:27  Zerg Flyer Armor Level 1  
  166  23:29  Drone x5  
  171  23:57  Hydralisk x5  
  171  24:02  Hatchery  
  180  24:29  Hive  
  180  24:44  Hydralisk x2  
  180  24:45  Hydralisk x6, Hatchery  
  195  25:21  Zerg Flyer Weapons Level 2  
  191  25:34  Hatchery  
  190  25:50  Hatchery  
  189  25:57  Hydralisk x4  
  189  25:58  Hydralisk  
  195  27:05  Hydralisk x4  
  197  28:27  Extractor  
  197  28:28  Extractor  
  197  28:31  Hydralisk x2  
  145  29:17  Hydralisk x9  
  145  29:18  Hydralisk x18  
Tags
 
Matchup
TvZ
Opening
Pool First
Spawn Locations
Cross Positions
Add a new tag
Caveats
  • Supply blocks, unpowered buildings, or Contaminate may cause inaccurate times.
  • Supply counts are checked every 10 seconds.